 Dungeon Crawl Stone Soup version 0.28.0-47-ge53b351184 (webtiles) character file.

Game seed: 11183560949189658592

41 NinjaNoafa the Insei (level 3, -5/28 HPs)
             Began as a Djinni Transmuter on May 3, 2022.
             Slain by Natasha (7 damage)
             ... on level 2 of the Dungeon.
             The game lasted 00:02:39 (2685 turns).

NinjaNoafa the Insei (Djinni Transmuter)            Turns: 2685, Time: 00:02:40

Health: -5/28      AC:  2    Str:  9    XL:     3   Next: 75%
Gold:   45         EV: 12    Int: 16    God:
                   SH:  0    Dex: 13

rFire   + + .      SeeInvis .     - Unarmed
rCold   x . .      Faith    .   (no shield)
rNeg    . . .      Spirit   .   a - +0 robe
rPois   ∞          Reflect  .   (helmet currently unavailable)
rElec   .          Harm     .   (no cloak)
rCorr   .          Rampage  .   (no gloves)
Will    .....                   (boots unavailable)
Stlth   +.........              (no amulet)
HPRegen 0.09/turn               (no ring)
MPRegen 0.00/turn               (no ring)

@: appendages (expiring), flying, slowed, very slow
A: horns 2, flying, sickness immunity, fire resistance 2, cold vulnerability 1,
float, innate caster, HP casting, extra vitality 1
a: End Transformation


You were on level 2 of the Dungeon.
You had temporarily grown beastly horns.
You visited 1 branch of the dungeon, and saw 2 of its levels.

You collected 45 gold pieces.

Inventory:

Hand Weapons
 d - a +0 short sword of freezing
Missiles
 g - 28 stones
Armour
 a - a +0 robe (worn)
Scrolls
 e - a scroll of teleportation


   Skills:
 + Level 1.8 Fighting
 + Level 2.7 Dodging
 + Level 3.3 Unarmed Combat
 * Level 2.0 Spellcasting


You couldn't memorise any spells.
You knew the following spells:

 Your Spells              Type           Power      Damage    Failure   Level
a - Beastly Appendage     Tmut           16%        N/A       9%          1
b - Wereblood             Tmut           8%         N/A       14%         2
c - Spider Form           Tmut/Pois      8%         N/A       26%         3
d - Ice Form              Ice/Tmut       8%         N/A       65%         4
e - Sandblast             Erth           16%        2d6       9%          1
Your spell library was empty.

Dungeon Overview and Level Annotations

Branches:
Dungeon (2/15)

Altars:

Annotations:
D:2 Natasha


Innate Abilities, Weirdness & Mutations

You have temporarily grown beastly horns.
You are flying.
You are immune to sickness and miasma.
You are immune to poison.
Your flesh is very heat resistant. (rF++)
You are vulnerable to cold. (rC-)
You float through the air rather than walking.
You learn spells naturally, not from books.
Your magical power is your life essence.
You have superior vitality. (+4 MHP)


Message History

Natasha is heavily wounded.
Your transformation is almost over.
Natasha casts a spell at you. The magic dart hits you!
* * * LOW HITPOINT WARNING * * *
The hobgoblin hits you.
* * * LOW HITPOINT WARNING * * *
You hit Natasha.
Natasha is heavily wounded.
Natasha closely misses you. The hobgoblin closely misses you.
You hit Natasha.
Natasha is severely wounded.
Natasha misses you.
The hobgoblin hits you but does no damage.
You aren't carrying any potions.
As you read the scroll labelled ACRITE EGALAEN, it crumbles to dust.
It is a scroll of brand weapon.
Your +0 short sword is covered with a thin layer of ice!
d - a +0 short sword of freezing Natasha closely misses you.
The hobgoblin hits you.
* * * LOW HITPOINT WARNING * * *
You hit Natasha but do no damage.
Natasha is severely wounded.
Natasha mumbles some strange words.
The hobgoblin hits you.
* * * LOW HITPOINT WARNING * * *
You hit Natasha but do no damage.
Natasha is severely wounded.
Natasha stares at you and mumbles some strange words.
You feel yourself slow down.
You barely miss Natasha.
Natasha is severely wounded.
The hobgoblin closely misses you. Natasha misses you. The hobgoblin misses you.
Natasha claws you.
* * * LOW HITPOINT WARNING * * *
As you read the scroll labelled KAEG NAUTI, it crumbles to dust.
It is a scroll of identify.
e - a scroll of teleportation The hobgoblin closely misses you.
Natasha claws you!
You die...

....... .. ....... .
........ . ..#.....
.##.. .......###....#
...##...5.#...#
..#....gh.....###
#.....@##......###
....#.#...........###
.... #
#..#............#
....
##..#.<..........
.... ##.#.........#
.[.# #.#........)#
...# #.#.......^.#
...# #.#.........#
...# #.#.........##


You could see Natasha, a shadow imp (summoned) and a hobgoblin.

Vanquished Creatures
  A gnoll (D:1)
  2 worms (D:2)
  2 dart slugs
  2 endoplasms (D:1)
  2 giant cockroaches (D:1)
  A goblin (D:1)
  3 hobgoblins (D:1)
  2 ball pythons (D:1)
  3 bats
  A frilled lizard (D:1)
  3 kobolds (D:1)
  A rat (D:1)
23 creatures vanquished.

Notes
Turn   | Place    | Note
-------+----------+-------------------------------------------
     0 | D:1      | NinjaNoafa the Djinni Transmuter began the quest for the
                  | Orb.
     0 | D:1      | Reached XP level 1. HP: 17/17 MP: 0/0
   505 | D:1      | Reached XP level 2. HP: 22/22 MP: 0/0
   797 | D:1      | Found a faded altar of an unknown god.
  1240 | D:1      | Reached XP level 3. HP: 22/28 MP: 0/0
  1240 | D:1      | Learned a level 1 spell: Sandblast
  2669 | D:2      | Noticed Natasha
  2684 | D:2      | HP: 1/28 [Natasha (2)]
  2685 | D:2      | Slain by Natasha

Illustrated notes

Levels and vault maps discovered:
D:1:      wander_arrival_fairy_ring, layout_loops_ring,
          shapermc_ecumenical_altar_mp_highgroup
D:2:      layout_rooms, minmay_unequal, uniq_natasha

Skill      XL: |  1  2  3 |
---------------+----------+-----
Spellcasting   | 2 |  2.0
Fighting       | |  1.8
Dodging        | |  2.7
Unarmed Combat | |  3.3

Action                   || total
-------------------------++-------
Melee: Unarmed           ||   115
       Headbutt          ||    16
       Punch             ||     6
 Cast: Beastly Appendage ||    19
       Sandblast         ||     9
  Use: Scroll            ||     2
       Potion            ||     2
Armor: Robe              ||    31
Dodge: Dodged            ||   107
